 Dungeon Crawl Stone Soup version 0.19.0-11-g3fc08b3 (webtiles) character file.

344 Gingerlord the Ruffian (level 6, -3/52 (53) HPs)
             Began as a Ghoul Monk on Nov 9, 2016.
             Slain by a gnoll (6 damage)
             ... on level 4 of the Dungeon.
             The game lasted 00:05:52 (2763 turns).

Gingerlord the Ruffian (Ghoul Monk)                 Turns: 2763, Time: 00:05:52

HP:   -3/52 (53)    AC:  5    Str: 17    XL:     6   Next: 58%
MP:   5/5           EV: 12    Int:  5    God:
Gold: 216           SH:  0    Dex: 11    Spells: 0 memorised, 5 levels left

rFire  . . .     SeeInvis .       - Unarmed
rCold  + . .     Gourm    .     i - +0 ring mail
rNeg   + + +     Faith    .     (no shield)
rPois  ∞         Spirit   .     (no helmet)
rElec  .         Reflect  .     (no cloak)
rCorr  .         Harm     .     (no gloves)
MR     .....                    (no boots)
Stlth  +.........               (no amulet)
                                (no ring)
                                (no ring)

@: rotting
A: rotting body, claws 1, carnivore 3, cold resistance 1, negative energy
resistance 3, slow regeneration 1, torment resistance, unbreathing
a: no special abilities


You were on level 4 of the Dungeon.
You were not hungry.

You visited 1 branch of the dungeon, and saw 4 of its levels.

You collected 216 gold pieces.

Inventory:

Armour
 i - a +0 ring mail (worn)
Jewellery
 m - an uncursed amulet of guardian spirit {unknown}
Scrolls
 a - a scroll of immolation {unknown}
 e - a scroll of recharging
 f - a scroll of magic mapping {unknown}
 h - 2 scrolls of identify
 l - 2 scrolls of random uselessness {unknown}
 n - a scroll of remove curse {unknown}
Potions
 c - a potion of haste
 d - a potion of curing {unknown}
 g - a potion of brilliance {unknown}
 o - a potion of resistance {unknown}
Comestibles
 b - 3 meat rations
 j - 2 beef jerkies
 k - a slice of pizza


   Skills:
 + Level 4.7 Fighting
 + Level 2.6 Armour
 + Level 4.0 Dodging
 - Level 2.1 Stealth
 + Level 4.9 Unarmed Combat


You had 5 spell levels left.
You didn't know any spells.

Dungeon Overview and Level Annotations

Branches:
Dungeon (4/15)
 Temple: D:4-7

Altars:


Innate Abilities, Weirdness & Mutations

Your body is rotting away.
You thrive on raw meat.
You are immune to poison.
You have sharp fingernails.
You are carnivorous and can eat meat at any time.
Your flesh is cold resistant. (rC+)
You are immune to negative energy. (rN+++)
You regenerate slowly when monsters are visible.
You are immune to unholy pain and torment.
You can survive without breathing.


Message History

You barely miss the gnoll.
The gnoll is severely wounded.
The gnoll hits you.
* * * LOW HITPOINT WARNING * * *
The gnoll hits you from afar with an enchanted spear!
* * * LOW HITPOINT WARNING * * *
The gnoll closely misses you.
As you read the scroll labeled QEAMNIEMEO, it crumbles to dust.
It is a scroll of recharging.
You aren't carrying any rechargeable items.
The gnoll barely misses you. The gnoll hits you.
* * * LOW HITPOINT WARNING * * *
As you read the scroll labeled ETAUTT EBEZ, it crumbles to dust.
It is a scroll of identify.
Really abort (and waste the scroll)? [Y]es or [N]o only, please.
Really abort (and waste the scroll)?
c - a potion of haste The gnoll hits you.
You die...

###### ##....$
#...... ..... ...
#.#####
#.@ggg#####..
#####g....... #####
#........
#...####l#......
.####...##..o.......
..........o.........
..###..g.g<.....<...
.[............###.##
..g.....#.>.#.# ..#


You could see 4 gnolls.

Vanquished Creatures
  The ghost of SpyPoet the Charlatan, an amateur DrAr (D:3)
  A gnoll shaman (D:4)
  A hound (D:3)
  An orc wizard (D:3)
  A worker ant (D:4)
  7 adders
  2 oozes
  4 worms
  2 dart slugs
  2 leopard geckos (D:2)
  6 orcs
  5 giant cockroaches
  5 goblins
  4 hobgoblins
  A quokka (D:2)
  6 bats
  6 frilled lizards
  7 kobolds
  11 rats
73 creatures vanquished.

Notes
Turn   | Place    | Note
-------+----------+-------------------------------------------
     0 | D:1      | Gingerlord the Ghoul Monk began the quest for the Orb.
     0 | D:1      | Reached XP level 1. HP: 19/19 MP: 0/0
   454 | D:1      | Reached XP level 2. HP: 19/26 MP: 1/1
   721 | D:1      | Reached skill level 1 in Armour
   721 | D:1      | Reached XP level 3. HP: 31/31 MP: 2/2
  1372 | D:2      | Reached XP level 4. HP: 14/40 MP: 3/3
  1488 | D:2      | Found a faded altar of an unknown god.
  2203 | D:3      | Noticed SpyPoet's ghost (amateur DrAr)
  2227 | D:3      | Killed SpyPoet's ghost
  2227 | D:3      | Reached XP level 5. HP: 17/45 MP: 4/4
  2451 | D:3      | Reached XP level 6. HP: 10/53 MP: 5/5
  2763 | D:4      | Slain by a gnoll

Skill      XL: |  1  2  3  4  5  6 |
---------------+-------------------+-----
Armour         | 1 2 |  2.6
Dodging        | 3 4 |  4.0
Unarmed Combat | 4 |  4.9
Fighting       | 4 |  4.7
Stealth        | |  2.1

Action                   |  1- 3 |  4- 6 || total
-------------------------+-------+-------++-------
Melee: Unarmed           |    93 |   191 ||   284
       Punch             |     2 |     4 ||     6
  Use: Scroll            |       |     2 ||     2
 Stab: Sleeping          |     5 |     1 ||     6
  Eat: Chunk             |     4 |    15 ||    19
Armor: Robe              |     1 |       ||     1
       Leather armour    |    20 |       ||    20
       Ring mail         |       |    44 ||    44
Dodge: Dodged            |    52 |   130 ||   182
